 Dungeon Crawl Stone Soup version 0.19.1 (webtiles) character file.

169 Krapule the Shield-Bearer (level 5, -13/43 HPs)
             Began as a Formicid Fighter on Nov 28, 2016.
             Killed by divine providence
             ... invoked by an orc priest
              (16 damage)
             ... on level 4 of the Dungeon.
             The game lasted 00:07:55 (2572 turns).

Krapule the Shield-Bearer (Formicid Fighter)        Turns: 2572, Time: 00:07:56

Health: -13/43     AC: 11    Str: 21    XL:     5   Next: 79%
Magic:  14/14      EV:  8    Int:  8    God:
Gold:   119        SH: 10    Dex: 14    Spells: 0 memorised, 4 levels left

rFire  + . .     SeeInvis +     a - +1 quarterstaff
rCold  . . .     Gourm    .     p - +3 scale mail {rF+}
rNeg   . . .     Faith    .     c - +0 shield
rPois  .         Spirit   .     (helmet unavailable)
rElec  .         Reflect  .     i - +0 cloak
rCorr  .         Harm     .     (no gloves)
MR     .....                    (no boots)
Stlth  ..........               k - amulet of regeneration
                                j - ring of magical power
                                n - +4 ring of dexterity

@: no status effects
A: permanent stasis, dig shafts and tunnels, four strong arms, antennae 3
a: Dig, Shaft Self


You were on level 4 of the Dungeon.
You were hungry.

You visited 1 branch of the dungeon, and saw 4 of its levels.

You collected 119 gold pieces.

Inventory:

Hand Weapons
 a - a +1 quarterstaff (weapon)
Armour
 c - a +0 shield (worn)
 i - a +0 cloak (worn)
 p - a +3 scale mail of fire resistance (worn)
Jewellery
 j - a ring of magical power (right hand)
 k - an amulet of regeneration (around neck)
 n - a +4 ring of dexterity (left hand)
Scrolls
 e - a scroll of amnesia
 l - 3 scrolls of remove curse
 r - a scroll of identify
 s - 2 scrolls of blinking {unknown}
 t - a scroll of noise {unknown}
 v - a scroll of fog {unknown}
Potions
 b - 2 potions of agility
 d - a potion of might
 h - 2 potions of heal wounds
 u - a potion of curing {unknown}
Comestibles
 f - 3 bread rations
 g - a beef jerky
 o - 4 meat rations


   Skills:
 + Level 4.3 Fighting
 + Level 3.2 Staves
 + Level 4.3 Armour
 + Level 4.6 Shields


You had 4 spell levels left.
You didn't know any spells.

Dungeon Overview and Level Annotations

Branches:
Dungeon (4/15)
 Temple: D:4-7

Altars:
Elyvilon
Qazlal
Ru
The Shining One


Innate Abilities, Weirdness & Mutations

You are under a permanent stasis effect.
You can dig through walls and to a lower floor.
Your four strong arms can wield two-handed weapons with a shield.
You have a pair of large antennae on your head. (SInv)


Message History

The orc priest is moderately wounded.
The orc hits you but does no damage. The orc priest completely misses you.
Your scale mail prevents you from hitting the orc priest.
The orc priest is moderately wounded.
The orc closely misses you. You block the orc priest's attack.
You hit the orc priest.
The orc priest is heavily wounded.
The orc hits you but does no damage. The orc priest barely misses you.
You block the orc's attack.
You hit the orc priest.
The orc priest is severely wounded.
The orc priest invokes the aid of Beogh against you.
Beogh smites you!
* * * LOW HITPOINT WARNING * * *
You block the orc's attack.
You hit the orc priest.
The orc priest is severely wounded.
The orc priest invokes the aid of Beogh against you.
Beogh smites you!
You die...

*.# *,,, ##.# **,, #<.# **, #..#
** *####* #..# *....##*#..###
*......##....## *#.......)....###
#.......#@o....#**
*##......o##......#* *
****...........##.....*** *
****,,,.##....!...#*#....,,******
,,,,,****#.........#*##..,,,,,,,,
,***** #.......o.# **.,,,,,,** **
##........#* **,,,****
#.........****,,***
##........#*,,,**


You could see an orc priest and an orc.

Vanquished Creatures
  Jessica (D:3)
  5 adders
  An ooze (D:2)
  A worm (D:3)
  A dart slug (D:3)
  2 leopard geckos
  8 orcs
  2 ball pythons
  11 bats
  2 giant cockroaches
  11 goblins
  14 hobgoblins
  A quokka (D:2)
  A frilled lizard (D:1)
  10 kobolds
  7 rats
78 creatures vanquished.

Notes
Turn   | Place    | Note
-------+----------+-------------------------------------------
     0 | D:1      | Krapule the Formicid Fighter began the quest for the Orb.
     0 | D:1      | Reached XP level 1. HP: 18/18 MP: 1/1
    48 | D:1      | Reached XP level 2. HP: 24/24 MP: 2/2
   358 | D:1      | Reached XP level 3. HP: 26/29 MP: 3/3
  1211 | D:2      | Reached XP level 4. HP: 37/37 MP: 4/4
  1763 | D:3      | Found a white marble altar of Elyvilon.
  1764 | D:3      | Found a stormy altar of Qazlal.
  1923 | D:3      | Found a glowing golden altar of the Shining One.
  1949 | D:3      | Reached XP level 5. HP: 42/42 MP: 5/5
  1959 | D:3      | Noticed Jessica
  1971 | D:3      | Killed Jessica
  2001 | D:3      | Found a sacrificial altar of Ru.
  2572 | D:4      | Killed from afar by an orc priest

Skill      XL: |  1  2  3  4 |
---------------+-------------+-----
Shields        | 4 |  4.6
Armour         | 4 |  4.3
Fighting       | 4 |  4.3
Staves         | 3 |  3.2

Action                   |  1- 3 |  4- 6 || total
-------------------------+-------+-------++-------
Melee: Quarterstaff      |   141 |   165 ||   306
  Use: Scroll            |     7 |     2 ||     9
  Eat: Chunk             |       |     5 ||     5
Armor: Scale mail        |    56 |    97 ||   153
Dodge: Dodged            |    62 |    64 ||   126
Block: Shield            |    73 |   116 ||   189
